 Dungeon Crawl Stone Soup version 0.30.0-16-gbe6223bb7e (webtiles) character file.

Game seed: 2850316532392643894

42 Pooter the Chopper (level 3, 0/33 HPs)
             Began as a Minotaur Berserker on May 21, 2023.
             Was a Believer of Trog.
             Killed by divine providence
             ... invoked by an orc priest
              (16 damage)
             ... on level 3 of the Dungeon.
             The game lasted 00:04:22 (1564 turns).

Pooter the Chopper (Minotaur Berserker)             Turns: 1564, Time: 00:04:23

Health: 0/33       AC:  5    Str: 23    XL:     3   Next: 35%
Magic:  2/2        EV: 11    Int:  4    God:    Trog [**....]
Gold:   46         SH:  0    Dex:  9    Spells: 2/2 levels left

rFire   . . .        a - +0 war axe
rCold   . . .        (no shield)
rNeg    . . .        f - +0 ring mail
rPois   .            (helmet restricted)
rElec   .            (no cloak)
rCorr   .            (no gloves)
SInv    .            (no boots)
Will    ++...        j - amulet of regeneration Stlth
                     (no ring)
HPRegen 2.05/turn    (no ring)
MPRegen 0.08/turn

%: no passive effects
@: strong-willed, regenerating
A: horns 2, retaliatory headbutt
a: Renounce Religion, Berserk, Trog's Hand


You were on level 3 of the Dungeon.
You worshipped Trog.
Trog was pleased with you.
You visited 1 branch of the dungeon, and saw 3 of its levels.

You collected 46 gold pieces.

Inventory:

Hand Weapons
 a - a +0 war axe (weapon)
   (You found it on level 1 of the Dungeon)
Missiles
 Q - 39 stones (quivered)
Armour
 f - a +0 ring mail (worn)
   (You found it on level 1 of the Dungeon)
Jewellery
 j - an amulet of regeneration (around neck)
   (You found it on level 2 of the Dungeon)
Scrolls
 b - a scroll of teleportation {unknown}
 c - a scroll of enchant armour
 g - a scroll of magic mapping
Potions
 d - 2 potions of degeneration {unknown}
 h - a potion of heal wounds {unknown}
 k - a potion of flight {unknown}


   Skills:
 + Level 4.2 Fighting
 * Level 4.9 Axes
 - Level 2.4 Armour
 - Level 2.1 Dodging


You had 2 spell levels left.
You didn't know any spells.
Your spell library was empty.

Dungeon Overview and Level Annotations

Branches:
Dungeon (3/15)

Altars:


Innate Abilities, Weirdness & Mutations

You have a pair of horns on your head.
You reflexively headbutt those who attack you in melee.


Message History

The bat closely misses you. You furiously retaliate!
You headbutt the bat!
You kill the bat!
Trog accepts your kill.
No target in view!
You open the door.
Found 6 stones.
There is an open door here.
Q - 39 stones (gained 6)
An endoplasm comes into view.
The endoplasm quivers.
The endoplasm completely misses you.
You slash the endoplasm!
You kill the endoplasm!
Trog accepts your kill.
You open the door.
Found 7 stones.
Found an escape hatch in the ceiling.
An orc comes into view. It is wielding a +2 vampiric hand axe.
The orc shouts!
You hear a shout! x3
An orc comes into view. It is wielding a +0 short sword.
There is an open door here.
An orc wizard comes into view. It is wielding a +0 dagger.
Your skin crawls.
You feel strong-willed.
The orc wizard shouts!
You hear a shout!
The orc hits you with a +2 vampiric hand axe.
An orc priest comes into view. It is wielding a +0 dagger.
An orc comes into view. It is wielding a +0 club.
The orc shouts!
The orc hits you with a +2 vampiric hand axe.
The orc hits you but does no damage.
An orc comes into view. It is wielding a +0 short sword.
An orc comes into view. It is wielding a +0 dagger. x2
The orc shouts!
The orc wizard hits you but does no damage.
The orc closely misses you.
You barely miss the orc wizard. You closely miss the orc. x2
The orc hits you with a +2 vampiric hand axe.
The orc wizard hits you with a +0 dagger.
The orc hits you with a +0 short sword. The orc barely misses you.
The orc hits you but does no damage.
The orc wizard hits you with a +0 dagger.
You barely miss the orc wizard. You hit the orc but do no damage.
You slash the orc priest! You hit the orc but do no damage.
The orc wizard closely misses you.
The orc hits you with a +2 vampiric hand axe.
The orc hits you with a +0 short sword.
* * * LOW HITPOINT WARNING * * *
The orc priest invokes the aid of Beogh against you.
Beogh smites you!
You die...

...........#
...........#
...........#
...........#
...........# .
###........# ...
#........#
.....######'####
....o.o@o......#
....o.oo.<.....#
...o...........#
...o...........#
..###.......(..#
. +..........#
#..........#
#####......#


You could see an orc priest, an orc wizard and 6 orcs.

Vanquished Creatures
  A dart slug (D:1)
  2 ball pythons (D:1)
  3 bats
  4 endoplasms
  2 giant cockroaches
  2 goblins
  5 hobgoblins
  3 jackals (D:2)
  2 quokkas (D:1)
  6 kobolds
  2 rats (D:2)
32 creatures vanquished.

Notes
Turn   | Place    | Note
-------+----------+-------------------------------------------
     0 | D:1      | Pooter the Minotaur Berserker began the quest for the Orb.
     0 | D:1      | Reached XP level 1. HP: 19/19 MP: 0/0
   509 | D:1      | Reached XP level 2. HP: 27/27 MP: 1/1
  1032 | D:2      | Reached XP level 3. HP: 33/33 MP: 2/2
  1325 | D:2      | Reached ** piety under Trog
  1564 | D:3      | Killed from afar by an orc priest

Illustrated notes

Levels and vault maps discovered:
D:1:      dpeg_arrival_simpleton_c, layout_basic, chequers_jeans,
          kennysheep_nondescript, nicolae_figureground_pulse
D:2:      layout_loops_ring
D:3:      layout_basic, nicolae_vehumet_radiance, minmay_pentangle

Skill      XL: |  1  2 |
---------------+-------+-----
Axes           | 4 |  4.9
Fighting       | 4 |  4.2
Armour         | |  2.4
Dodging        | |  2.1

Action                     || total
---------------------------++-------
  Melee: Hand axe          ||    20
         Headbutt          ||    11
         War axe           ||    30
 Invoke: Trog's Hand       ||     1
    Use: Scroll            ||     3
 Armour: Ring mail         ||    17
         Animal skin       ||     1
  Dodge: Dodged            ||    34
